 Dungeon Crawl Stone Soup version 0.21.1-1-g345015fe64 (webtiles) character file.

56 SWATDuck the Covered (level 3, -3/34 HPs)
             Began as a Deep Dwarf Fighter on July 26, 2018.
             Slain by a gnoll
             ... wielding a +0 whip
              (6 damage)
             ... on level 2 of the Dungeon.
             The game lasted 00:02:03 (812 turns).

SWATDuck the Covered (Deep Dwarf Fighter)            Turns: 812, Time: 00:02:03

Health: -3/34      AC:  7    Str: 20    XL:     3   Next: 71%
Magic:  3/3        EV:  7    Int:  8    God:
Gold:   30         SH:  9    Dex: 12    Spells: 2/2 levels left

rFire    . . .     SeeInvis .   a - +0 war axe
rCold    . . .     Gourm    .   c - +0 shield
rNeg     . . .     Faith    .   b - +0 scale mail
rPois    .         Spirit   .   (no helmet)
rElec    .         Reflect  .   (no cloak)
rCorr    .         Harm     .   (no gloves)
MR       .....                  (no boots)
Stlth    ..........             (no amulet)
HPRegen  0.00/turn              (no ring)
MPRegen  0.08/turn              (no ring)

@: non-regenerating
A: damage resistance, heal wounds, sense surroundings 1, no regeneration
a: Heal Wounds


You were on level 2 of the Dungeon.
You were not hungry.

You visited 1 branch of the dungeon, and saw 2 of its levels.

You collected 30 gold pieces.

Inventory:

Hand Weapons
 a - a +0 war axe (weapon)
Armour
 b - a +0 scale mail (worn)
 c - a +0 shield (worn)
Scrolls
 h - a scroll of enchant weapon {unknown}
 j - a scroll of magic mapping {unknown}
 l - a scroll of identify {unknown}
 m - a scroll of teleportation {unknown}
Potions
 d - a potion of might
 e - 2 potions of degeneration {unknown}
 i - a potion of haste {unknown}
 k - a potion of lignification {unknown}
Books
 n - a book of Misfortune

   Spells                             Type                      Level
   a - Confusing Touch                Hexes                        1
   b - Confuse                        Hexes                        3
   c - Gell's Gravitas                Translocation                3
   d - Petrify                        Transmutation/Earth          4
   e - Metabolic Englaciation         Hexes/Ice                    5
   f - Yara's Violent Unravelling     Hexes/Transmutation          5
Comestibles
 f - 2 rations


   Skills:
 + Level 3.1 Fighting
 * Level 3.3 Axes
 + Level 3.7 Armour
 + Level 3.7 Shields


You had 2 spell levels left.
You didn't know any spells.

Dungeon Overview and Level Annotations

Branches:
Dungeon (2/15)

Altars:


Innate Abilities, Weirdness & Mutations

You are resistant to damage.
You can heal yourself by infusing magical energy.
You passively map a small area around you.
You do not regenerate.


Message History

The gnoll is moderately wounded.
You hit the gnoll. You completely miss the gnoll.
The gnoll hits you with a flail! You block the gnoll's attack.
The gnoll hits you but does no damage.
You slash the gnoll!
You kill the gnoll!
Your shield and scale mail prevent you from hitting the gnoll.
Your shield prevents you from hitting the gnoll.
The gnoll barely misses you. The gnoll hits you with a whip.
The gnoll hits you but does no damage. You block the gnoll's attack.
The gnoll hits you with a flail!
* * * LOW HITPOINT WARNING * * *
Things that are here:
a spear; a gnoll corpse You block the gnoll's attack.
You closely miss the gnoll.
The gnoll is severely wounded.
You barely miss the gnoll. You block the gnoll's attack.
The gnoll hits you with a whip!
You die...

,,....... ,
,..........# ,
,..........# *
,..........# ,, ,
..........###### ###
,................
#...###'##.............
#...>)g.......#........
#....g@.......#........
#.............#........
#.............+........
#.......###.###........
#.......# #.###........
#.......# #.....######.
#.......# #..##.# #.
#.......# #..##.#######
* #............


You could see 2 gnolls.

Vanquished Creatures
  A gnoll (D:2)
  An adder (D:2)
  2 dart slugs
  2 leopard geckos
  2 giant cockroaches (D:1)
  2 goblins
  2 hobgoblins (D:2)
  4 jackals (D:2)
  2 ball pythons (D:1)
  4 bats (D:1)
  A frilled lizard (D:2)
  6 kobolds
  4 rats
33 creatures vanquished.

Notes
Turn   | Place    | Note
-------+----------+-------------------------------------------
     0 | D:1      | SWATDuck the Deep Dwarf Fighter began the quest for the Orb.
     0 | D:1      | Reached XP level 1. HP: 20/20 MP: 1/1
   136 | D:1      | Reached XP level 2. HP: 25/27 MP: 2/2
   485 | D:1      | You fall through a shaft!
   505 | D:2      | Reached XP level 3. HP: 27/33 MP: 3/3
   812 | D:2      | Slain by a gnoll

Skill      XL: |  1  2  3 |
---------------+----------+-----
Axes           | 3 |  3.3
Fighting       | 3 |  3.1
Armour         | |  3.7
Shields        | |  3.7

Action                   || total
-------------------------++-------
Melee: War axe           ||    88
Armor: Scale mail        ||    44
Dodge: Dodged            ||    37
Block: Shield            ||    66
